 Dungeon Crawl Stone Soup version 0.21.1-1-g345015fe64 (webtiles) character file.

119736 Oravi the Whirler (level 17, 0/121 HPs)
             Began as a Halfling Hunter on Apr 18, 2018.
             Was a High Priest of Okawaru.
             Killed from afar by Nikola (16 damage)
             ... with a chain lightning
             ... on level 2 of the Swamp.
             The game lasted 03:16:42 (33908 turns).

Oravi the Whirler (Halfling Hunter)                Turns: 33908, Time: 03:16:43

Health: 0/121      AC: 28    Str: 17    XL:     17   Next: 35%
Magic:  24/24      EV: 22    Int:  9    God:    Okawaru [*****.]
Gold:   2855       SH: 16    Dex: 21    Spells: 16/16 levels left

rFire    . . .     SeeInvis .   a - +2 hunting sling (freeze)
rCold    . . .     Gourm    .   Z - +2 shield {AC+3}
rNeg     . . .     Faith    .   I - +0 swamp dragon scales
rPois    +         Spirit   .   W - +0 helmet
rElec    .         Reflect  .   X - +1 cloak {+Inv}
rCorr    .         Harm     .   M - +0 pair of gloves {archery}
MR       +....                  j - +1 pair of boots
Stlth    +.........             p - amulet of regeneration
HPRegen  0.70/turn              m - +3 ring of strength
MPRegen  0.19/turn              V - ring of Robustness {AC+8}

@: slowed, very slow
A: small, mutation resistance 1
a: Heroism, Finesse, Renounce Religion, Evoke Invisibility


You were on level 2 of the Swamp.
You worshipped Okawaru.
Okawaru was extremely pleased with you.
You were near starving.

You visited 5 branches of the dungeon, and saw 26 of its levels.
You also visited: Sewer.

You collected 2855 gold pieces.

Inventory:

Hand Weapons
 a - a +2 hunting sling of freezing (weapon)
 b - a +0 short sword of venom
 h - a +1 short sword of flaming
 v - a +0 dagger of electrocution
Missiles
 k - 355 stones
 s - 317 sling bullets (quivered)
Armour
 j - a +1 pair of boots (worn)
 x - the +1 ring mail of Akla Tuw {rElec rC- rCorr Dex+4}
   (Okawaru gifted it to you on level 1 of the Orcish Mines)

   It affects your dexterity (+4).
   It makes you vulnerable to cold.
   It insulates you from electricity.
   It protects you from acid and corrosion.
 E - a +0 leather armour of magic resistance
 I - +0 swamp dragon scales (worn)
 J - the +7 Kryia's mail coat {PotionHeal*2 rC+}
   (You took it off a kobold on level 11 of the Dungeon)

   It protects you from cold.
 M - a +0 pair of gloves of archery (worn)
 Q - a +1 scale mail of fire resistance
 W - a +0 helmet (worn)
 X - a +1 cloak of invisibility (worn)
 Y - the +1 ring mail "Meanecib" {Dex+5}
   (You found it on level 13 of the Dungeon)

   It affects your dexterity (+5).
 Z - a +2 shield of protection (worn)
Jewellery
 c - an uncursed ring of ice
 m - a +3 ring of strength (left hand)
 p - an amulet of regeneration (around neck)
 q - an uncursed ring of flight
 r - an uncursed ring of ice
 w - an uncursed ring of protection from magic
 z - an uncursed ring of positive energy
 A - an uncursed ring of positive energy
 C - an uncursed ring of see invisible
 U - an uncursed ring of resist corrosion
 V - the ring of Robustness (right hand) {AC+8}
   (You found it on level 6 of the Lair of Beasts)

   [ring of protection]

   It affects your AC (+8).
Wands
 e - a wand of iceblast (25)
 t - a wand of acid (10)
 L - a wand of flame (49)
 N - a wand of random effects (31)
 O - a wand of disintegration (11)
Scrolls
 d - 6 scrolls of teleportation
 i - 4 scrolls of blinking
 l - 7 scrolls of fear
 o - 3 scrolls of magic mapping
 u - 9 scrolls of remove curse
 y - 5 scrolls of identify
Potions
 n - 7 potions of haste
 B - a potion of cancellation
 D - a potion of resistance
 F - 3 potions of agility
 G - 3 potions of curing
 K - 2 potions of invisibility
 T - a potion of heal wounds
Comestibles
 f - 51 rations


   Skills:
 - Level 12.8 Fighting
 * Level 14.8 Short Blades
 + Level 17.1 Slings
 + Level 8.9 Armour
 + Level 11.5 Dodging
 - Level 1.1 Stealth
 + Level 12.6 Shields
 - Level 10.0 Invocations


You had 16 spell levels left.
You didn't know any spells.

Dungeon Overview and Level Annotations

Branches:
Dungeon (15/15)            Temple (1/1) D:6            Lair (6/6) D:9
  Swamp (2/4) Lair:2        Snake (0/4) Lair:2        Slime (0/5) Lair:5
    Orc (2/2) D:9             Elf (0/3) Orc:2        Vaults (0/5) D:13
 Depths (0/5) D:15

Altars:
Ashenzari
Cheibriados
Dithmenos
Elyvilon
Fedhas
Gozag
Hepliaklqana
Kikubaaqudgha
Makhleb
Nemelex Xobeh
Okawaru
Qazlal
Ru
Sif Muna
Trog
Uskayaw
Vehumet
Wu Jian
Xom
Yredelemnul
Zin
The Shining One
Beogh
Jiyva

Shops:
D:15 =   Orc:2 ?*((

Portals:
Trove: D:13 (give +4 ice dragon scales)

Annotations:
D:4 DildoBatman's ghost, amateur FoEn
D:5 Lothor's ghost, amateur MiFi
Swamp:2 Nikola


Innate Abilities, Weirdness & Mutations

You are small and have problems with some larger weapons.
You are somewhat resistant to further mutation.


Message History

Nikola blinks!
Firing (i - inventory. (,) - cycle):
s - 319 sling bullets (quivered)
Press: ? - help, Shift-Dir - straight line, f/p - Nikola
Aim: Nikola, wielding a rapier of electrocution, wearing an embroidered cloak and wearing a pair of gloves (moderately wounded)
You shoot a sling bullet. The sling bullet hits Nikola!
The sling bullet freezes Nikola.
Nikola is moderately wounded.
Firing (i - inventory. (,) - cycle):
s - 318 sling bullets (quivered)
Press: ? - help, Shift-Dir - straight line, f/p - Nikola
Aim: Nikola, wielding a rapier of electrocution, wearing an embroidered cloak and wearing a pair of gloves (moderately wounded)
You shoot a sling bullet.
The sling bullet hits Nikola but does no damage.
Nikola is moderately wounded.
Nikola mumbles some strange words.
You hear a mighty clap of thunder!
The lightning arc hits you!
The lightning arc hits Nikola.
The lightning arc hits you!
* * * LOW HITPOINT WARNING * * *
The lightning arc hits Nikola.
The lightning arc hits you!
You die...

♣♣♣♣♣♣♣ ..≈≈.♣
.≈≈.♣♣♣♣ .
...♣..♣ ..
♣.....♣♣...
♣♣..≈..t.≈≈.
♣≈.≈≈≈≈≈.≈≈≈
♣♣♣♣..♣.≈≈≈♣
♣≈♣<..@.(♣♣....
♣≈(@≈≈≈≈♣♣ .
♣..≈≈≈≈≈.♣♣
♣....§≈≈≈≈..
♣♣....≈≈≈≈≈≈≈≈
♣§≈.♣♣≈≈≈≈≈≈≈≈.
♣...§..≈≈≈≈≈≈≈.
♣♣......≈≈≈.≈≈.
♣.§≈.♣♣♣.≈≈.


You could see Nikola and an alligator.

Vanquished Creatures
  Frances (Swamp:1)
  An orc warlord (Orc:1)
  2 dire elephants
  Snorg (Orc:2)
  Erolcha (Orc:1)
  An ice dragon (D:15)
  A vault guard (D:13)
  8 hydras
  A merfolk avatar (Lair:6)
  A catoblepas (D:15)
  12 two-headed ogres
  3 centaur warriors (D:13)
  4 orc high priests
  4 tengu warriors
  2 alligators (Swamp:2)
  Urug (Orc:1)
  Nergalle (D:12)
  5 skeletal warriors
  A golden dragon zombie (D:15)
  A sea snake (Lair:5)
  A wizard (D:14)
  Pikel (D:5)
  A tengu zombie (D:15)
  A swamp dragon (D:13)
  A phantasmal warrior (D:15)
  A harpy (shapeshifter) (D:15)
  A necromancer (D:15)
  7 orc knights
  3 deep elf magi
  4 manticores
  4 orc sorcerers
  9 slime creatures
  A wolf spider (D:13)
  14 ugly things
  4 cyclopes
  A sphinx skeleton (D:15)
  23 elephants
  4 centaur zombies
  3 black mambas
  4 gargoyles
  A centaur skeleton (D:15)
  20 spiny frogs
  3 kobold demonologists
  12 komodo dragons
  A freezing wraith (D:15)
  5 rime drakes
  An efreet (D:15)
  A guardian mummy (D:13)
  A polar bear (shapeshifter) (D:14)
  A wind drake (Lair:6)
  8 polar bears
  A queen bee (D:11)
  A tyrant leech (Swamp:1)
  3 trolls
  3 blink frogs (Lair:6)
  A hornet (D:15)
  3 bog bodies
  8 hippogriffs
  11 dream sheep
  A meliai zombie (D:15)
  A fire dragon skeleton (D:15)
  A vampire (D:13)
  A shadow (D:12)
  2 wyverns
  3 wraiths
  A spriggan (Lair:3)
  4 basilisks
  29 yaks
  9 vampire mosquitoes
  2 hungry ghosts
  5 wargs
  4 nagas (Lair:2)
  21 swamp worms
  An acid dragon (D:13)
  4 soldier ants
  16 water moccasins
  3 swamp drakes (Swamp:1)
  8 porcupines
  Purgy (Sewer)
  A phantom (D:7)
  2 slaves (D:5)
  An eye of draining (D:13)
  2 ice beasts
  6 sky beasts
  24 orc warriors
  18 ogres
  6 centaurs
  3 wolves (Lair:4)
  12 crocodiles
  7 big kobolds
  14 bullfrogs
  A water moccasin zombie (D:6)
  A hornet simulacrum (D:15)
  5 scorpions
  15 killer bees
  6 wights
  5 howler monkeys
  2 electric eels
  11 crimson imps
  A bullfrog zombie (D:9)
  13 hounds
  2 quasits
  A bullfrog skeleton (D:13)
  16 orc priests
  5 jellies
  34 orc wizards
  7 iguanas
  Natasha (thrice) (D:3)
  18 worker ants
  18 adders
  4 river rats (D:3)
  A shadow imp (D:13)
  2 oozes
  15 worms
  A dart slug (D:2)
  5 leopard geckos
  74 orcs
  4 ball pythons
  5 bats
  8 giant cockroaches
  5 goblins
  7 hobgoblins
  15 jackals
  22 kobolds
  7 quokkas
  10 frilled lizards
  8 rats
  7 plants
802 creatures vanquished.

Vanquished Creatures (others)
  A centaur skeleton (D:15)
  A slave (D:5)
  79 fungi
  37 plants
  8 withered plants (D:15)
126 creatures vanquished.

Grand Total: 928 creatures vanquished

Notes
Turn   | Place    | Note
-------+----------+-------------------------------------------
     0 | D:1      | Oravi the Halfling Hunter began the quest for the Orb.
     0 | D:1      | Reached XP level 1. HP: 14/14 MP: 1/1
    76 | D:1      | Reached skill level 6 in Slings
   221 | D:1      | Reached XP level 2. HP: 19/19 MP: 2/2
   248 | D:1      | Reached skill level 1 in Short Blades
   791 | D:2      | Reached XP level 3. HP: 24/24 MP: 3/3
   962 | D:2      | Reached skill level 7 in Slings
  1334 | D:2      | Reached XP level 4. HP: 22/29 MP: 4/4
  1868 | D:3      | Reached XP level 5. HP: 12/34 MP: 5/5
  2005 | D:3      | Reached skill level 8 in Slings
  2228 | D:3      | Found a glowing drain.
  2236 | Sewer    | Entered a sewer
  2257 | Sewer    | Noticed Purgy
  2266 | Sewer    | Killed Purgy
  2266 | Sewer    | Reached skill level 1 in Armour
  2266 | Sewer    | Reached XP level 6. HP: 30/41 MP: 6/6
  2939 | D:3      | Noticed Natasha
  2945 | D:3      | Killed Natasha
  3020 | D:3      | Reached skill level 9 in Slings
  3040 | D:3      | Found a sacrificial altar of Ru.
  3071 | D:3      | Reached XP level 7. HP: 45/45 MP: 7/7
  3184 | D:3      | Noticed Natasha
  3191 | D:3      | Killed Natasha
  3453 | D:3      | Noticed Natasha
  3457 | D:3      | Killed Natasha
  3611 | D:4      | Noticed DildoBatman's ghost (amateur FoEn)
  3954 | D:4      | Reached skill level 10 in Slings
  4074 | D:4      | Reached XP level 8. HP: 52/52 MP: 8/8
  4205 | D:4      | Reached skill level 11 in Slings
  4896 | D:5      | Entered Level 5 of the Dungeon
  5008 | D:5      | Reached skill level 5 in Short Blades
  5087 | D:5      | Noticed Pikel
  5249 | D:5      | Noticed Lothor's ghost (amateur MiFi)
  5822 | D:5      | Killed Pikel
  5822 | D:5      | Reached skill level 12 in Slings
  5822 | D:5      | Reached XP level 9. HP: 32/59 MP: 9/9
  6550 | D:6      | Reached skill level 5 in Fighting
  6857 | D:6      | Found a staircase to the Ecumenical Temple.
  6863 | Temple   | Entered the Ecumenical Temple
  6896 | Temple   | Became a worshipper of Warmaster Okawaru
  7505 | D:7      | Reached skill level 1 in Shields
  7505 | D:7      | Reached XP level 10. HP: 59/68 MP: 10/10
  7531 | D:7      | Reached * piety under Okawaru
  8137 | D:7      | Noticed a two-headed ogre
  8151 | D:7      | Killed a two-headed ogre
  8151 | D:7      | Reached ** piety under Okawaru
  8271 | D:8      | Noticed a two-headed ogre
  8809 | D:8      | Killed a two-headed ogre
  8809 | D:8      | Reached skill level 5 in Dodging
  9156 | D:8      | Reached XP level 11. HP: 78/78 MP: 11/11
  9393 | D:9      | Reached *** piety under Okawaru
  9632 | D:9      | Found a staircase to the Orcish Mines.
 10023 | D:9      | Noticed a two-headed ogre
 10050 | D:9      | Killed a two-headed ogre
 10050 | D:9      | Reached skill level 5 in Armour
 10108 | D:9      | Found an ancient bone altar of Kikubaaqudgha.
 10177 | D:9      | Found a staircase to the Lair.
 10561 | D:10     | Entered Level 10 of the Dungeon
 11166 | D:10     | Noticed a two-headed ogre
 11228 | D:10     | Killed a two-headed ogre
 11852 | D:10     | Received a gift from Okawaru
 11852 | D:10     | Reached skill level 1 in Invocations
 12043 | D:10     | Reached skill level 5 in Shields
 12043 | D:10     | Reached XP level 12. HP: 86/86 MP: 11/16
 12556 | D:11     | Reached **** piety under Okawaru
 12940 | D:11     | Received a gift from Okawaru
 13037 | D:11     | Noticed a two-headed ogre
 13047 | D:11     | Killed a two-headed ogre
 13047 | D:11     | Reached skill level 10 in Fighting
 13047 | D:11     | Reached XP level 13. HP: 92/92 MP: 16/18
 13606 | D:12     | Reached skill level 10 in Short Blades
 13700 | D:12     | Got a steaming robe
 13715 | D:12     | Identified the +3 robe of the Merchant {Int+5} (You found it on level 12 of the Dungeon)
 13844 | D:12     | Received a gift from Okawaru
 13924 | D:12     | Found a shattered altar of Ashenzari.
 14009 | D:12     | Noticed Nergalle
 14040 | D:12     | Killed Nergalle
 14982 | D:13     | Noticed a centaur warrior
 15006 | D:13     | Killed a centaur warrior
 15006 | D:13     | Reached ***** piety under Okawaru
 15042 | D:13     | Received a gift from Okawaru
 15347 | D:13     | Received a gift from Okawaru
 15349 | D:13     | Noticed a centaur warrior
 15363 | D:13     | Killed a centaur warrior
 15415 | D:13     | Received a gift from Okawaru
 15648 | D:13     | Got a dazzling ring mail
 15688 | D:13     | Identified the +1 ring mail "Meanecib" {Dex+5} (You found it on level 13 of the Dungeon)
 15773 | Lair:1   | Entered Level 1 of the Lair of Beasts
 16203 | Lair:1   | Reached skill level 13 in Slings
 17133 | Lair:2   | Found a staircase to the Snake Pit.
 17236 | Lair:2   | Received a gift from Okawaru
 17550 | Lair:1   | Reached XP level 14. HP: 69/101 MP: 20/20
 17701 | Lair:2   | Received a gift from Okawaru
 18214 | Lair:2   | Found a staircase to the Swamp.
 18330 | Lair:2   | Received a gift from Okawaru
 19497 | Lair:3   | Received a gift from Okawaru
 19770 | Lair:3   | Received a gift from Okawaru
 20255 | Lair:3   | Noticed a dire elephant
 20323 | Lair:2   | Killed a dire elephant
 20746 | Lair:4   | Received a gift from Okawaru
 20949 | Lair:4   | Reached skill level 14 in Slings
 21815 | Lair:5   | Received a gift from Okawaru
 22277 | Lair:5   | Found a viscous altar of Jiyva.
 22277 | Lair:5   | Found a staircase to the Slime Pits.
 22584 | Lair:6   | Entered Level 6 of the Lair of Beasts
 22903 | Lair:5   | Reached XP level 15. HP: 83/108 MP: 22/22
 23638 | Lair:6   | Found the ring of Robustness {AC+8}
 23806 | Lair:6   | Reached skill level 10 in Invocations
 25202 | Lair:6   | Received a gift from Okawaru
 25379 | Lair:6   | Found the +8 glaive of the Guard {elec, +Rage AC+5 SInv}
 26176 | D:13     | Identified Goeliv's Intricacies of Theurgy
 26327 | D:13     | Reached skill level 10 in Dodging
 26433 | D:13     | Reached skill level 15 in Slings
 26460 | D:13     | Found a gate to the Vaults.
 26671 | D:13     | Found a portal to a secret trove of treasure.
 27322 | D:14     | Reached skill level 10 in Shields
 27442 | D:14     | Found a shadowy altar of Dithmenos.
 27519 | D:14     | Reached XP level 16. HP: 108/115 MP: 23/23
 28018 | D:14     | Received a gift from Okawaru
 28120 | D:15     | Entered Level 15 of the Dungeon
 28342 | D:15     | Reached skill level 16 in Slings
 28797 | D:15     | Received a gift from Okawaru
 29015 | D:15     | Found a staircase to the Depths.
 29120 | D:15     | Received a gift from Okawaru
 29276 | D:15     | Found Huegaat's Jewellery Emporium.
 29974 | D:14     | Received a gift from Okawaru
 30101 | Orc:1    | Entered Level 1 of the Orcish Mines
 30173 | Orc:2    | Entered Level 2 of the Orcish Mines
 30208 | Orc:2    | Found a staircase to the Elven Halls.
 30221 | Orc:2    | Paralysed by an orc sorcerer for 5 turns
 30310 | Orc:1    | Reached ****** piety under Okawaru
 30370 | Orc:2    | Received a gift from Okawaru
 31269 | Orc:2    | Received a gift from Okawaru
 31331 | Orc:2    | Found Faotij's Antique Weapon Shoppe.
 31331 | Orc:2    | Found Boligrin's Magic Scroll Shop.
 31658 | Orc:2    | Found Nemad's Antique Weapon Shoppe.
 31658 | Orc:2    | Found Icoitz's General Store.
 31726 | Orc:1    | Noticed Erolcha
 31727 | Orc:1    | Noticed Urug
 31745 | Orc:1    | Killed Erolcha
 31745 | Orc:1    | Reached XP level 17. HP: 120/120 MP: 22/24
 31779 | Orc:1    | Killed Urug
 31817 | Orc:1    | Found a roughly hewn altar of Beogh.
 31829 | Orc:1    | Noticed Snorg
 31875 | Orc:2    | Killed Snorg
 31984 | Orc:1    | Received a gift from Okawaru
 32160 | Orc:1    | Got a faintly humming ring mail {god gift}
 32171 | Orc:1    | Identified the +1 ring mail of Akla Tuw {rElec rC- rCorr Dex+4} (Okawaru gifted it to you on level 1 of the Orcish Mines)
 32877 | Swamp:1  | Entered Level 1 of the Swamp
 33446 | Swamp:1  | Noticed Frances
 33502 | Swamp:1  | Killed Frances
 33502 | Swamp:1  | Reached skill level 17 in Slings
 33899 | Swamp:2  | Noticed Nikola
 33908 | Swamp:2  | Killed from afar by Nikola

Skill      XL: |  1  2  3  4  5  6  7  8  9 10 11 12 13 14 15 16 17 |
---------------+----------------------------------------------------+-----
Slings         | 6 7 8 9 10 12 13 14 15 16 17 | 17.1
Short Blades   | 1 2 3 4 6 7 8 9 11 12 13 14 | 14.8
Fighting       | 2 3 4 6 8 9 10 11 12 | 12.8
Armour         | 1 2 3 4 7 8 |  8.9
Dodging        | 3 5 7 8 9 10 11 | 11.5
Shields        | 1 2 5 6 7 8 10 12 | 12.6
Invocations    | 6 8 9 10 | 10.0
Stealth        | |  1.1

Action                   |  1- 3 |  4- 6 |  7- 9 | 10-12 | 13-15 | 16-18 || total
-------------------------+-------+-------+-------+-------+-------+-------++-------
Melee: Dagger            |       |     5 |    29 |   333 |    21 |    70 ||   458
       Short sword       |       |       |     8 |    42 |  2032 |   943 ||  3025
 Fire: Hunting sling     |   109 |   180 |   522 |   688 |  1677 |   921 ||  4097
Invok: Heroism           |       |       |       |    12 |    23 |     8 ||    43
       Finesse           |       |       |       |       |     1 |     1 ||     2
  Use: Scroll            |       |     8 |     9 |     3 |    11 |     1 ||    32
       Potion            |       |     5 |     1 |     1 |     6 |     1 ||    14
  Eat: Chunk             |     1 |     5 |    13 |    17 |    38 |    15 ||    89
       Ration            |       |       |       |       |     2 |     1 ||     3
Armor: Leather armour    |     7 |    12 |    19 |    36 |       |       ||    74
       Skin              |       |     5 |       |       |       |       ||     5
       Robe              |       |       |       |       |    27 |       ||    27
       Ring mail         |       |       |       |       |   253 |   210 ||   463
       Swamp dragon scal |       |       |       |       |       |    27 ||    27
Dodge: Dodged            |    30 |    52 |    98 |   274 |   977 |   615 ||  2046
Block: Buckler           |       |       |    11 |   139 |   707 |       ||   857
       Shield            |       |       |       |       |    33 |   811 ||   844
